 Dungeon Crawl Stone Soup version 0.31.0-32-g396128a36d (webtiles) character file.

Game seed: 16472538975198413521

15698 firemarshallily the Geomancer (level 12, -2/94 HPs)
             Began as a Formicid Earth Elementalist on Apr 13, 2024.
             Was an Elder of Sif Muna.
             Slain by a hellwing (6 damage)
             ... summoned by Frances
             ... on level 13 of the Dungeon.
             The game lasted 00:40:00 (16010 turns).

firemarshallily the Geomancer (FoEE)               Turns: 16010, Time: 00:40:00

Health: -2/94      AC: 11    Str: 20    XL:     12   Next: 60%
Magic:  8/27       EV: 17    Int: 19    God:    Sif Muna [****..]
Gold:   504        SH:  5    Dex: 14    Spells: 22/33 levels left

rFire   . . .        I - +2 great sword (freeze)
rCold   . . .        k - +0 buckler
rNeg    . . .        J - +5 robe of Misfortune {Harm *Corrode *Slow EV+5}
rPois   .            (helmet unavailable)
rElec   .            D - +0 cloak
rCorr   +            L - +0 pair of gloves
SInv    +            F - +1 pair of boots {Stlth+}
Will    +....        (no amulet)
Stlth   +++          p - +6 ring of strength
HPRegen 0.35/turn    a - ring of resist corrosion
MPRegen 0.20/turn

%: corrode self (3%), slow self (1%), harm (+30% outgoing, +20% incoming)
@: no status effects
A: permanent stasis, dig shafts and tunnels, antennae 3, four strong arms
a: Dig, Shaft Self, Renounce Religion, Channel Magic, Forget Spell, Divine
Exegesis


You were on level 13 of the Dungeon.
You worshipped Sif Muna.
Sif Muna was greatly pleased with you.
You visited 2 branches of the dungeon, and saw 14 of its levels.
You also visited: Sewer and Bailey.

You collected 704 gold pieces.
You spent 200 gold pieces at shops.

Inventory:

Hand Weapons
 f - a +3 dagger of venom
 I - a +2 great sword of freezing (weapon)
Missiles
 d - a throwing net
 j - 2 javelins
 s - 39 poisoned darts
 w - 5 curare-tipped darts
Armour
 k - a +0 buckler (worn)
 x - a +2 ring mail of fire resistance
 z - a +1 leather armour of poison resistance
 D - a +0 cloak (worn)
 E - a +1 robe of willpower
 F - a +1 pair of boots of stealth (worn)
 J - the +5 robe of Misfortune (worn) {Harm *Corrode *Slow EV+5}
   (You found it on level 10 of the Dungeon)

   EV+5:      It affects your evasion (+5).
   *Corrode:  It may corrode you when you take damage.
   *Slow:     It may slow you when you take damage.
   Harm:      It increases damage dealt and taken.
 L - a +0 pair of gloves (worn)
Jewellery
 a - a ring of resist corrosion (right hand)
 p - a +6 ring of strength (left hand)
 G - a ring of protection from fire
 M - a +5 ring of evasion
Wands
 l - a wand of flame (18)
 t - a wand of light (12)
 y - a wand of polymorph (4)
Scrolls
 c - a scroll of fear
 g - 2 scrolls of torment
 n - a scroll of poison
 q - 4 scrolls of fog
 K - a scroll of revelation
 N - 2 scrolls of enchant weapon
 P - 2 scrolls of identify
Potions
 b - 2 potions of magic
 e - a potion of ambrosia
 h - 6 potions of curing
 i - 4 potions of mutation
 m - a potion of attraction {unknown}
 o - 4 potions of might
 u - a potion of resistance {unknown}
 v - 2 potions of enlightenment {unknown}
 A - 2 potions of berserk rage
 B - 6 potions of cancellation
 C - a potion of brilliance {unknown}
 H - a potion of lignification {unknown}
Miscellaneous
 O - a box of beasts


   Skills:
 + Level 8.4 Fighting
 - Level 3.0 Armour
 - Level 1.7 Dodging
 - Level 2.4 Stealth
 - Level 6.5 Shields
 * Level 11.2 Spellcasting
 + Level 7.0 Conjurations
 * Level 13.4 Earth Magic


You had 22 spell levels left.
You knew the following spells:

 Your Spells              Type           Power      Damage    Failure   Level
a - Sandblast             Erth           100%       2d20      1%          1
b - Stone Arrow           Conj/Erth      98%        3d13      1%          3
c - Passwall              Erth           58%        N/A       1%          3
d - Brom's Barrelling Bo  Conj/Erth      49%        2d7       1%          4

Your spell library contained the following spells:

 Spells                   Type           Power      Damage    Failure   Level
 Kiss of Death            Conj/Necr      96%        2d12      1%          1
 Shock                    Conj/Air       96%        1d9       1%          1
 Lee's Rapid Deconstruct  Erth           29%        3d15*     1%          5
 Animate Armour           Summ/Erth      72%        N/A       4%          4
 Petrify                  Alch/Erth      36%        N/A       4%          4
 Mephitic Cloud           Conj/Alch/Air  19%        N/A       9%          3
 Call Imp                 Summ           20%        N/A       12%         2
 Cigotuvi's Dreadful Rot  Necr/Alch/Air  20%        N/A       12%         2
 Mercury Vapours          Alch/Air       20%        N/A       12%         2
 Sublimation of Blood     Necr           10%        N/A       12%         2
 Iskenderun's Battlesphe  Conj           37%        2d9       12%         5
 Borgnjor's Vile Clutch   Necr/Erth      18%        N/A       14%         5
 Flame Wave               Conj/Fire      24%        2d8       19%         4
 Confusing Touch          Hex            10%        N/A       24%         3
 Frozen Ramparts          Ice            20%        1d4       24%         3
 Inner Flame              Hex/Fire       10%        N/A       24%         3
 Fireball                 Conj/Fire      12%        3d7       45%         5
 Dispel Undead            Necr           10%        3d9       61%         4
 Martyr's Knell           Necr/Summ      10%        N/A       61%         4
 Sticky Flame             Fire/Alch      10%        2d5       61%         4
 Summon Lightning Spire   Summ/Air       10%        N/A       61%         4
 Freezing Cloud           Conj/Ice/Air   9%         6-21      63%         5
 Alistair's Intoxication  Alch           6%         N/A       91%         5
 Conjure Ball Lightning   Conj/Air       12%        3x3d6     95%         6
 Orb of Destruction       Conj           18%        9d8       98%         7
 Death Channel            Necr           5%         N/A       100%        6
 Eringya's Noxious Bog    Alch           5%         4d6       100%        6
 Sculpt Simulacrum        Ice/Alch       5%         N/A       100%        6
 Malign Gateway           Summ/Tloc      5%         N/A       100%        7
 Summon Hydra             Summ           5%         N/A       100%        7
 Summon Horrible Things   Summ           5%         N/A       100%        8


Dungeon Overview and Level Annotations

Branches:
Dungeon (14/15)            Temple (1/1) D:4            Lair (0/5) D:9
    Orc (0/2) D:10          Sewer (visited)          Bailey (visited)
 Vaults: D:13-14

Altars:
Ashenzari
Cheibriados
Dithmenos
Elyvilon
Fedhas
Gozag
Hepliaklqana
Kikubaaqudgha
Makhleb
Nemelex Xobeh
Okawaru
Qazlal
Ru
Sif Muna
Trog
Uskayaw
Vehumet
Wu Jian
Xom
Yredelemnul
Zin
The Shining One

Shops:
D:2 *

Annotations:
D:4 2 runed translucent doors, Winotaur's ghost, amateur MiFi
D:5 2 transporters, JeszeEnbee's ghost, novice MiFi
D:13 Frances


Innate Abilities, Weirdness & Mutations

You cannot be hasted, slowed, berserked, paralysed or teleported.
You can dig through walls and to a lower floor.
You have a pair of large antennae on your head. (SInv)
Your four strong arms can wield two-handed weapons with a shield.


Message History

You block Frances's attack.
The hellwing hits you but does no damage. x2
Casting: Stone Arrow (safe; 1% risk of failure)
Confirm with . or Enter, or press ? or * to list all spells.
Aiming: Stone Arrow (safe; 1% risk of failure)
Press: ? - help, Shift-Dir - straight line, f/p - Frances
Aim: Frances, wielding a +2 dire flail of protection and wearing a +0 chain mail (heavily wounded, fast, 82% to hit)
The stone arrow hits Frances!!
Frances is severely wounded.
Frances closely misses you. Frances completely misses you.
You block the hellwing's attack.
The hellwing hits you but does no damage.
Casting: Stone Arrow (safe; 1% risk of failure)
Confirm with . or Enter, or press ? or * to list all spells.
Aiming: Stone Arrow (safe; 1% risk of failure)
Press: ? - help, Shift-Dir - straight line, f/p - Frances
Aim: Frances, wielding a +2 dire flail of protection and wearing a +0 chain mail (severely wounded, fast, 82% to hit)
The stone arrow misses Frances.
Frances mutters in a terrible tongue.
You block the iron shot. The hellwing closely misses you. x2
Casting: Stone Arrow (safe; 1% risk of failure)
Confirm with . or Enter, or press ? or * to list all spells.
Aiming: Stone Arrow (safe; 1% risk of failure)
Press: ? - help, Shift-Dir - straight line, f/p - Frances
Aim: Frances, wielding a +2 dire flail of protection and wearing a +0 chain mail (severely wounded, fast, 82% to hit)
The stone arrow hits Frances!
Frances is almost dead.
Frances completely misses you.
Frances chants phrases taken from a devil's mouth.
The iron shot hits you!!
* * * LOW HITPOINT WARNING * * *
The hellwing misses you. The hellwing closely misses you.
Casting: Stone Arrow (safe; 1% risk of failure)
Confirm with . or Enter, or press ? or * to list all spells.
Okay, then.
You feel much better.
Frances hits you with a +2 dire flail of protection!!
* * * LOW HITPOINT WARNING * * *
The hellwing hits you.
You die...

#.#
#.#
#.#
#.#
#.#
#.#
#.#
#4#
#@#
#@#
#.#
#.#
#.#
#(#
#.#
#(#


You could see Frances (fast) and a hellwing (summoned).

Vanquished Creatures
  A centaur warrior (D:14)
  3 two-headed ogres
  A tengu warrior (D:14)
  A boulder beetle (D:11)
  A deep elf pyromancer (D:14)
  A cyclops (D:11)
  Joseph (D:9)
  A gargoyle (Bailey)
  An unseen horror (D:11)
  Grinder (D:4)
  A troll (D:14)
  6 slime creatures (D:14)
  2 wraiths
  3 wyverns
  17 yaks
  2 shadows
  A vampire (Bailey)
  Grum (D:9)
  2 steam dragons
  Edmund (D:5)
  An acid dragon (D:11)
  2 water moccasins
  2 ice beasts
  3 orc warriors
  A black bear (D:5)
  An ogre (D:4)
  3 centaurs
  3 wolves (D:9)
  4 phantoms
  Blork the orc (D:6)
  2 bullfrogs
  3 kobold brigands
  2 brain worms (Sewer)
  2 gnoll sergeants
  3 scorpions
  5 wights (D:10)
  3 killer bees (D:8)
  4 wolf zombies (Bailey)
  9 vampire bats
  5 howler monkeys
  A jelly (D:7)
  7 hounds
  5 orc priests
  A gnoll bouda (D:8)
  2 sleepcaps (D:5)
  6 iguanas
  Ijyb (D:4)
  11 orc wizards
  9 adders
  11 gnolls
  5 river rats (Sewer)
  2 white imps
  A dart slug (D:4)
  A ribbon worm (D:3)
  32 orcs
  8 bats
  2 bat skeletons (D:4)
  3 bat zombies (D:4)
  7 endoplasms
  3 giant cockroaches
  9 goblins
  9 hobgoblins
  2 quokkas
  8 ball pythons
  7 frilled lizards
  26 kobolds
  22 orc zombies (Bailey)
  9 rats
317 creatures vanquished.

Vanquished Creatures (collateral kills)
  A boulder (D:9)
1 creature vanquished.

Vanquished Creatures (others)
  A quokka (D:6)
  A boulder (D:6)
2 creatures vanquished.

Grand Total: 320 creatures vanquished

Notes
Turn   | Place    | Note
-------+----------+-------------------------------------------
     0 | D:1      | firemarshallily the Formicid Earth Elementalist began the
                  | quest for the Orb.
     0 | D:1      | Reached XP level 1. HP: 13/13 MP: 3/3
   100 | D:1      | Reached skill level 1 in Conjurations
   151 | D:1      | Reached XP level 2. HP: 20/20 MP: 3/5
   232 | D:1      | Reached skill level 4 in Earth Magic
   428 | D:1      | Reached XP level 3. HP: 25/25 MP: 3/6
   459 | D:1      | Reached skill level 1 in Fighting
   521 | D:1      | Found a faded altar of an unknown god.
   693 | D:1      | Learned a level 3 spell: Stone Arrow
   697 | D:1      | Learned a level 3 spell: Passwall
  1131 | D:2      | Reached XP level 4. HP: 32/32 MP: 6/8
  1374 | D:2      | Found Conkugy's General Store.
  1396 | D:2      | Identified the +0 scale mail of the Snail {rN+ rCorr}
  1597 | D:3      | Reached XP level 5. HP: 36/37 MP: 4/9
  2026 | D:3      | Found a glowing drain.
  2050 | Sewer    | Entered a sewer
  2066 | Sewer    | Reached skill level 5 in Earth Magic
  2213 | Sewer    | Reached skill level 1 in Shields
  2370 | Sewer    | Noticed a brain worm
  2420 | Sewer    | Killed a brain worm
  2421 | Sewer    | Reached XP level 6. HP: 14/44 MP: 0/11
  2663 | Sewer    | Reached XP level 7. HP: 45/51 MP: 9/13
  3115 | D:4      | Noticed Ijyb
  3117 | D:4      | Killed Ijyb
  3196 | D:4      | Reached skill level 6 in Earth Magic
  3377 | D:4      | Found an ancient bone altar of Kikubaaqudgha.
  3458 | D:4      | Found a staircase to the Ecumenical Temple.
  3464 | Temple   | Entered the Ecumenical Temple
  3473 | Temple   | Became a worshipper of Sif Muna the Loreminder
  3594 | D:4      | Found a large runed translucent door.
  3594 | D:4      | Found a large runed translucent door.
  3596 | D:4      | Noticed Winotaur's ghost (amateur MiFi)
  3649 | D:4      | Reached skill level 5 in Spellcasting
  3649 | D:4      | Reached XP level 8. HP: 58/58 MP: 4/15
  3735 | D:4      | Noticed Grinder
  3747 | D:4      | Killed Grinder
  3748 | D:4      | Reached skill level 7 in Earth Magic
  3970 | D:4      | Found a broken altar of Ashenzari.
  4552 | D:4      | Learned a level 4 spell: Brom's Barrelling Boulder
  4573 | D:5      | Entered Level 5 of the Dungeon
  4722 | D:5      | Reached * piety under Sif Muna
  4843 | D:5      | Reached XP level 9. HP: 65/65 MP: 10/17
  4896 | D:5      | Reached skill level 8 in Earth Magic
  5190 | D:5      | Noticed Edmund
  5201 | D:5      | Killed Edmund
  5202 | D:5      | Reached skill level 5 in Shields
  5440 | D:5      | Found a transporter.
  5445 | D:5      | Found a transporter.
  5449 | D:5      | Noticed JeszeEnbee's ghost (novice MiFi)
  5766 | D:5      | Found a bloodstained altar of Trog.
  6305 | D:6      | Noticed Blork the orc
  6326 | D:6      | Killed Blork the orc
  6808 | D:6      | Found a white marble altar of Elyvilon.
  7188 | D:7      | Found a flagged portal.
  7273 | Bailey   | Entered a bailey
  7502 | Bailey   | Reached ** piety under Sif Muna
  7503 | Bailey   | Reached skill level 5 in Fighting
  7726 | Bailey   | Reached skill level 9 in Earth Magic
  7744 | Bailey   | Reached XP level 10. HP: 60/74 MP: 0/20
  8207 | Bailey   | Noticed a gargoyle
  8214 | Bailey   | Killed a gargoyle
  8459 | Bailey   | Got the Anthology of the Stormy Iceberg
  8701 | D:7      | Reached skill level 10 in Earth Magic
  9073 | D:7      | Reached skill level 5 in Conjurations
  9291 | D:2      | Bought 2 potions of curing for 60 gold pieces
  9291 | D:2      | Bought 2 potions of curing for 60 gold pieces
  9291 | D:2      | Bought a potion of cancellation for 80 gold pieces
  9898 | D:8      | Reached *** piety under Sif Muna
 11175 | D:9      | Noticed Joseph
 11181 | D:9      | Killed Joseph
 11303 | D:9      | Noticed Grum
 11313 | D:9      | Reached XP level 11. HP: 82/83 MP: 4/23
 11322 | D:9      | Killed Grum
 11494 | D:9      | Reached skill level 1 in Armour
 11636 | D:9      | Reached skill level 11 in Earth Magic
 11903 | D:9      | Found a staircase to the Lair.
 12617 | D:10     | Entered Level 10 of the Dungeon
 12621 | D:10     | Found a staircase to the Orcish Mines.
 13165 | D:10     | Found the +5 robe of Misfortune {Harm *Corrode *Slow EV+5}
 14171 | D:11     | Noticed a two-headed ogre
 14175 | D:11     | Killed a two-headed ogre
 14251 | D:11     | Reached skill level 12 in Earth Magic
 14256 | D:11     | Noticed a two-headed ogre
 14259 | D:11     | Reached skill level 10 in Spellcasting
 14262 | D:11     | Killed a two-headed ogre
 14383 | D:11     | Reached **** piety under Sif Muna
 14384 | D:11     | Reached XP level 12. HP: 68/92 MP: 3/26
 14626 | D:11     | Noticed a boulder beetle
 14636 | D:11     | Killed a boulder beetle
 14840 | D:11     | Noticed a tengu warrior
 14847 | D:11     | You fall into a shaft and drop 3 floors!
 14981 | D:14     | Noticed a two-headed ogre
 15003 | D:14     | Killed a two-headed ogre
 15083 | D:14     | Noticed a centaur warrior
 15092 | D:14     | Killed a centaur warrior
 15093 | D:14     | Reached skill level 13 in Earth Magic
 15487 | D:14     | Noticed a tengu warrior
 15494 | D:14     | Killed a tengu warrior
 15986 | D:13     | Noticed Frances
 15991 | D:13     | Noticed a sun demon
 15992 | D:13     | Noticed a soul eater
 16010 | D:13     | HP: 4/94 [Frances/+2 dire flail of protection (32)]
 16010 | D:13     | Slain by a hellwing

Illustrated notes

Levels and vault maps discovered:
D:1:      dpeg_arrival_concentric_ovals, layout_basic,
          ebering_ecumenical_altar_sacrificial
D:2:      layout_basic, serial_shops, shop
D:3:      layout_rooms, cheibrodos_sewer_entry_bend
D:4:      layout_loops_ring, kennysheep_vampire_church, ashenzari_altar_1,
          minmay_temple_entry_hall, ebering_ghost_disaster_area,
          nicolae_nh_ransacked_shop, uniq_ijyb, uniq_grinder
D:5:      layout_loops_ring, kennysheep_mini_moat, gammafunk_ghost_stat_death,
          minmay_misc_feat_more_columns, uniq_edmund
D:6:      layout_layer_cave, elyvilon_altar_4, minmay_misc_feat_plants,
          uniq_blork_the_orc
D:7:      layout_loops_ring, enter_bailey_8
D:8:      layout_basic, kennysheep_donut
D:9:      layout_loops_ring, lair_entry_dummy, uniq_grum, uniq_joseph
D:10:     layout_basic, orc_0_dummy
D:11:     minmay_sliced_demisemicircle, layout_basic
D:13:     layout_roguey, erik_vaults_1, special_room [special_room_orc],
          jiyva_altar_1, uniq_frances
D:14:     layout_irregular_city, palyth_stone_intersect
Temple:   compressed_dpeg_circular_temple

Skill      XL: |  1  2  3  4  5  6  7  8  9 10 11 12 |
---------------+-------------------------------------+-----
Conjurations   | 1 2 3 4 5 6 7 |  7.0
Earth Magic    | 4 5 6 7 9 10 12 13 | 13.4
Fighting       | 1 2 3 4 5 6 7 8 |  8.4
Spellcasting   | 3 4 5 7 8 10 11 | 11.2
Shields        | 1 2 3 4 5 6 |  6.5
Armour         | 3 |  3.0
Dodging        | |  1.7
Stealth        | |  2.4

Action                     |  1- 3 |  4- 6 |  7- 9 | 10-12 || total
---------------------------+-------+-------+-------+-------++-------
  Melee: Dagger            |     1 |    79 |   105 |    72 ||   257
         Great sword       |       |       |       |    12 ||    12
  Throw: Dart              |       |       |     3 |    14 ||    17
         Javelin           |       |       |       |     2 ||     2
   Cast: Sandblast         |    40 |    62 |    80 |    16 ||   198
         Stone Arrow       |       |     2 |    75 |   258 ||   335
         Brom's Barrelling |       |       |     2 |     2 ||     4
Ability: Dig               |       |       |     2 |     3 ||     5
         Shaft Self        |       |       |       |     1 ||     1
    Use: Scroll            |       |     8 |     2 |     7 ||    17
         Potion            |       |       |       |     5 ||     5
   Stab: Sleeping          |     1 |       |       |       ||     1
 Armour: Robe              |       |    36 |    96 |   104 ||   236
         Leather armour    |       |       |       |     1 ||     1
  Dodge: Dodged            |     1 |    52 |    84 |   100 ||   237
  Block: Buckler           |       |       |    32 |    46 ||    78
